 Dungeon Crawl Stone Soup version 0.26.1-11-gd32895ea62 (webtiles) character file.

Game seed: 7864632725614136433

5345 infcreate the Fighter (level 10, -3/82 HPs)
             Began as a Human Berserker on July 18, 2021.
             Was a High Priest of Trog.
             Slain by a boulder beetle (22 damage)
             ... on level 9 of the Dungeon.
             The game lasted 00:31:32 (10804 turns).

infcreate the Fighter (Human Berserker)            Turns: 10804, Time: 00:31:32

Health: -3/82      AC: 21    Str: 21    XL:     10   Next: 96%
Magic:  10/10      EV: 11    Int:  8    God:    Trog [*****.]
Gold:   454        SH:  0    Dex: 18    Spells: 9/9 levels left

rFire    . . .     SeeInvis .   H - +4 scimitar
rCold    . . .     Faith    .   (no shield)
rNeg     . . .     Spirit   .   G - +0 plate armour
rPois    +         Reflect  .   x - +2 helmet
rElec    .         Harm     .   m - +1 cloak
rCorr    .         Rampage  .   v - +1 pair of gloves
Will     .....                  (no boots)
Stlth    ..........             (no amulet)
HPRegen  0.23/turn              P - ring of poison resistance
MPRegen  0.12/turn              D - +6 ring of dexterity

@: berserk cooldown, slowed, very slow
A: no striking features
a: Renounce Religion, Berserk, Trog's Hand, Brothers in Arms


You were on level 9 of the Dungeon.
You worshipped Trog.
Trog was extremely pleased with you.
You visited 1 branch of the dungeon, and saw 9 of its levels.

You collected 454 gold pieces.


   Skills:
 + Level 8.4 Fighting
 + Level 8.4 Long Blades
 + Level 8.0 Armour
 + Level 8.0 Dodging


You had 9 spell levels left.
You didn't know any spells.
Your spell library was empty.

Inventory:

Hand Weapons
 a - a +1 long sword of holy wrath
 H - a +4 scimitar (weapon)
Armour
 m - a +1 cloak (worn)
 v - a +1 pair of gloves (worn)
 x - a +2 helmet (worn)
 G - a +0 plate armour (worn)
Jewellery
 D - a +6 ring of dexterity (right hand)
 N - an uncursed ring of positive energy
 O - a +4 ring of protection
 P - a ring of poison resistance (left hand)
Wands
 n - a wand of flame (40)
 w - a wand of acid (8)
 A - a wand of polymorph (2)
 C - a wand of iceblast (2)
 F - a wand of disintegration (1)
Scrolls
 e - a scroll of vulnerability {unknown}
 f - 5 scrolls of identify {@r1}
 i - a scroll of enchant weapon
 j - 6 scrolls of remove curse {@r2}
 k - 3 scrolls of magic mapping
 l - 3 scrolls of fear
 q - 2 scrolls of immolation
 y - a scroll of enchant armour
 z - a scroll of teleportation {unknown}
 E - a scroll of fog {unknown}
Potions
 b - 3 potions of flight
 c - 2 potions of invisibility {unknown}
 d - a potion of berserk rage {unknown}
 g - a potion of heal wounds {unknown}
 h - a potion of might {unknown}
 o - 2 potions of magic
 p - 5 potions of curing {@q1}
 r - a potion of cancellation {unknown}
 s - a potion of lignification {unknown}
 u - a potion of haste {unknown}
 B - a potion of ambrosia {unknown}

Dungeon Overview and Level Annotations

Branches:
Dungeon (9/15)             Temple (0/1) D:6
   Lair: D:8-11         Orc: D:9-12

Altars:
Cheibriados
Dithmenos
Fedhas
Gozag
Qazlal
Sif Muna
Uskayaw
Jiyva

Shops:
D:7 *

Annotations:
D:9 3 runed translucent doors, mnogoshchuk's ghost, novice MiFi

#...# #.°...#......
#.######....▒▒▒▒▒...
#.#....)...▒▒?⚑$▒▒<.
###...##○...▒▒..:..▒▒#
#.....##○###▒.......▒#
###§#..).# ▒.......▒.
#°#.######▒.....J.▒.
####B#.......▒▒....J▒▒.
##....#@#......▒▒+++▒▒..
##....○#B#......)........
#.###..○.#..........##...
### ###.##.........##....
#.##.........##.###
########...#>...#
###...#### #####


You could see a boulder beetle.


Message History

You hit the boulder beetle.
The boulder beetle is moderately wounded.
The boulder beetle bites you but does no damage.
The boulder beetle bites you.
You hit the boulder beetle but do no damage.
The boulder beetle is moderately wounded.
The boulder beetle bites you.
You slash the boulder beetle!
The boulder beetle is heavily wounded.
The boulder beetle bites you.
* * * LOW HITPOINT WARNING * * *
You slash the boulder beetle!
The boulder beetle is severely wounded.
The boulder beetle bites you!
* * * LOW HITPOINT WARNING * * *
The boulder beetle barely misses you.
You hit the boulder beetle.
The boulder beetle is severely wounded.
The boulder beetle barely misses you.
You hit the boulder beetle.
The boulder beetle is severely wounded.
The boulder beetle bites you!
* * * LOW HITPOINT WARNING * * *
The boulder beetle leaps!
The boulder beetle curls into a ball and begins rolling!
Blink to where?
Press: ? - help, Dir - move target
As you read the scroll of blinking, it crumbles to dust.
The boulder beetle hits you!!
You die...

Skill      XL: |  1  2  3  4  5  6  7  8  9 10 |
---------------+-------------------------------+-----
Armour         | 3 4 5 6 8 |  8.0
Dodging        | 3 4 5 6 8 |  8.0
Fighting       | 4 5 6 7 8 |  8.4
Long Blades    | 4 5 6 7 8 |  8.4

Action                   |  1- 3 |  4- 6 |  7- 9 | 10-12 || total
-------------------------+-------+-------+-------+-------++-------
Melee: Falchion          |   106 |   171 |   117 |       ||   394
       Unarmed           |       |       |     6 |       ||     6
       Long sword        |       |       |   207 |    38 ||   245
       Scimitar          |       |       |       |   208 ||   208
Invok: Berserk           |     1 |     1 |     2 |     4 ||     8
Evoke: Wand              |       |     1 |    10 |       ||    11
  Use: Scroll            |       |     6 |     6 |     2 ||    14
 Stab: Confused          |       |       |     1 |       ||     1
Armor: Animal skin       |    27 |     2 |       |       ||    29
       Scale mail        |       |    45 |    22 |       ||    67
       Leather armour    |       |     1 |       |       ||     1
       Skin              |       |       |     8 |       ||     8
       Chain mail        |       |       |   163 |    20 ||   183
       Plate armour      |       |       |       |    87 ||    87
Dodge: Dodged            |    96 |    91 |   208 |   123 ||   518
       Rpst.: Falchion   |    28 |    30 |    16 |       ||    74
       Long sword        |       |       |    27 |     2 ||    29
       Scimitar          |       |       |       |    24 ||    24

Levels and vault maps discovered:
D:1:      minmay_arrival_four_circles, layout_basic
D:2:      layout_rooms, uniq_crazy_yiuf_cottage
D:3:      layout_basic, kennysheep_slug_shrine, serial_co_window_serial,
          co_window_corner_a, co_window_corner_a, co_window_paths_b,
          co_window_of_opportunity_a, co_window_corner_a, co_window_paths_c,
          co_window_2corner, co_window_of_opportunity_b, co_window_corner_b,
          uniq_jessica
D:4:      layout_basic, uniq_natasha, uniq_grinder
D:5:      layout_basic
D:6:      layout_loops_ring, minmay_temple_entry_mini_moons, uniq_pikel
D:7:      layout_basic, led_sif_book, grunt_dithmenos_smoke,
          nicolae_overflow_crystal_walls, serial_shops, shop
D:8:      layout_basic, gammafunk_temple_overflow_wave
D:9:      layout_rooms, okawaru_altar_gauntlet_db, erik_orc_2,
          gammafunk_ghost_ooze, fedhas_altar_1

Notes
Turn   | Place    | Note
-------+----------+-------------------------------------------
     0 | D:1      | infcreate the Human Berserker began the quest for the Orb.
     0 | D:1      | Reached XP level 1. HP: 18/18 MP: 1/1
   127 | D:1      | HP: 1/18 [hobgoblin/+0 club (2)]
   444 | D:1      | Reached XP level 2. HP: 23/24 MP: 2/2
   849 | D:1      | Reached XP level 3. HP: 28/29 MP: 3/3
  1713 | D:2      | Reached ** piety under Trog
  1982 | D:2      | Reached XP level 4. HP: 25/35 MP: 4/4
  2828 | D:2      | Found a runed translucent door.
  2829 | D:2      | Noticed Crazy Yiuf
  2853 | D:2      | Killed Crazy Yiuf
  2854 | D:2      | Reached XP level 5. HP: 31/42 MP: 0/5
  3744 | D:3      | Found a snail-covered altar of Cheibriados.
  3800 | D:3      | Noticed Jessica
  3809 | D:3      | Killed Jessica
  3810 | D:3      | Reached skill level 3 in Armour
  3810 | D:3      | Reached skill level 3 in Dodging
  4159 | D:4      | Reached skill level 4 in Fighting
  4159 | D:4      | Reached skill level 4 in Long Blades
  4159 | D:4      | Reached XP level 6. HP: 48/48 MP: 6/6
  4199 | D:4      | Noticed Natasha
  4218 | D:4      | Killed Natasha
  4432 | D:4      | Noticed Natasha
  4436 | D:4      | Killed Natasha
  4437 | D:4      | Reached XP level 7. HP: 43/55 MP: 7/7
  4512 | D:4      | Noticed Grinder
  4646 | D:4      | Paralysed by Grinder for 4 turns
  4659 | D:4      | Killed Grinder
  4660 | D:4      | Reached skill level 4 in Armour
  4660 | D:4      | Reached skill level 4 in Dodging
  4764 | D:4      | Reached *** piety under Trog
  4970 | D:3      | Reached skill level 5 in Fighting
  4970 | D:3      | Reached skill level 5 in Long Blades
  5139 | D:4      | Noticed Natasha
  5159 | D:4      | Reached XP level 8. HP: 62/62 MP: 8/8
  5161 | D:4      | Killed Natasha
  5508 | D:5      | Entered Level 5 of the Dungeon
  5923 | D:5      | Reached skill level 5 in Armour
  5923 | D:5      | Reached skill level 5 in Dodging
  6621 | D:6      | Found a staircase to the Ecumenical Temple.
  6692 | D:6      | Reached skill level 6 in Fighting
  6692 | D:6      | Reached skill level 6 in Long Blades
  6692 | D:6      | Reached XP level 9. HP: 52/69 MP: 9/9
  6890 | D:6      | Noticed Pikel
  6907 | D:6      | Killed Pikel
  6907 | D:6      | Reached **** piety under Trog
  6908 | D:6      | Reached skill level 6 in Armour
  6908 | D:6      | Reached skill level 6 in Dodging
  7502 | D:7      | Found a stormy altar of Qazlal.
  7679 | D:7      | Found Onami's Assorted Antiques.
  8116 | D:7      | Reached skill level 7 in Fighting
  8116 | D:7      | Reached skill level 7 in Long Blades
  8313 | D:7      | Found a shimmering blue altar of Sif Muna.
  8506 | D:7      | Found a shadowy altar of Dithmenos.
  8515 | D:7      | Reached XP level 10. HP: 79/79 MP: 10/10
  8824 | D:8      | Reached ***** piety under Trog
  9009 | D:8      | Reached skill level 7 in Armour
  9009 | D:8      | Reached skill level 7 in Dodging
  9779 | D:8      | Paralysed by a hornet for 3 turns
  9971 | D:8      | Found a hide-covered altar of Uskayaw.
  9971 | D:8      | Found an opulent altar of Gozag.
 10104 | D:9      | Found a runed translucent gate.
 10106 | D:9      | Found a runed translucent gate.
 10116 | D:9      | Found a runed translucent gate.
 10118 | D:9      | Found a viscous altar of Jiyva.
 10118 | D:9      | Noticed mnogoshchuk's ghost (novice MiFi)
 10146 | D:9      | Reached skill level 8 in Fighting
 10146 | D:9      | Reached skill level 8 in Long Blades
 10448 | D:9      | Found a blossoming altar of Fedhas.
 10731 | D:9      | Reached skill level 8 in Armour
 10731 | D:9      | Reached skill level 8 in Dodging
 10750 | D:9      | Noticed a boulder beetle
 10804 | D:9      | Slain by a boulder beetle

Vanquished Creatures
  Pikel (D:6)
  A troll (D:9)
  Grinder (D:4)
  A hornet (D:8)
  A wyvern (D:9)
  A steam dragon (D:8)
  A water moccasin (D:7)
  5 orc warriors
  A sky beast (D:8)
  7 ogres
  A black bear (D:9)
  2 phantoms
  A centaur (D:9)
  3 big kobolds
  4 bullfrogs
  A wyvern skeleton (D:9)
  4 scorpions
  4 killer bees (D:7)
  4 wights (D:8)
  A howler monkey (D:8)
  4 orc priests
  5 hounds
  A gnoll shaman (D:6)
  Crazy Yiuf (D:2)
  2 bullfrog skeletons
  9 orc wizards
  A centaur skeleton (D:4)
  Jessica (D:3)
  Natasha (thrice) (D:4)
  2 iguanas
  5 worker ants
  A hound zombie (D:5)
  2 hound skeletons
  7 adders
  9 gnolls
  A shadow imp (D:5)
  2 white imps (D:8)
  3 ufetubi
  3 adder zombies
  3 adder skeletons
  5 worms
  3 dart slugs
  4 leopard geckos
  39 orcs
  10 bats
  4 giant cockroaches
  6 hobgoblins
  10 jackals
  23 kobolds
  3 quokkas
  3 frilled lizards
  A goblin (D:2)
  A jackal skeleton (D:4)
  A quokka skeleton (D:4)
  7 rats
230 creatures vanquished.

Vanquished Creatures (others)
  2 plants (D:9)
2 creatures vanquished.

Grand Total: 232 creatures vanquished

Table legend: (Time is in decaauts)
 A = Elapsed time spent in this place.
 B = Non-inter-level travel time spent in this place.
 C = Inter-level travel time spent in this place.
 D = Time resting spent in this place.
 E = Time spent auto-exploring this place.
 F = Levels seen in this place.
 G = Mean time per level.
                   A        B        C        D        E       F      G
               +--------+--------+--------+--------+--------+-----+--------+
         Total |  10943 |   5232 |   5711 |   3105 |      0 |   9 | 1215.9 |
       Dungeon |  10943 |   5232 |   5711 |   3105 |      0 |   9 | 1215.9 |
               +--------+--------+--------+--------+--------+-----+--------+

Top non-repeatable levels by time:
     D:7: 1675 daAuts
     D:2: 1616 daAuts
     D:1: 1417 daAuts
     D:4: 1360 daAuts
     D:3: 1278 daAuts
     D:8: 1010 daAuts
     D:6: 939 daAuts
     D:5: 871 daAuts
     D:9: 774 daAuts

Table legend:
 A = Non-vault XP
 B = Vault XP
 C = Vault XP percentage of total XP
 D = Non-vault monster count
 E = Vault monster count
 F = Vault count percentage of total count
                 A         B        C        D         E       F
            +---------+---------+-------+---------+---------+-------
      Total |    5938 |    1698 |  22.2 |     206 |      24 |  10.4
            +---------+---------+-------+---------+---------+-------
        D:1 |      33 |       0 |   0.0 |      18 |       0 |   0.0
        D:2 |      77 |      40 |  34.2 |      26 |       1 |   3.7
        D:3 |      60 |      41 |  40.6 |       9 |       2 |  18.2
        D:4 |     693 |     312 |  31.0 |      32 |       2 |   5.9
        D:5 |     401 |       0 |   0.0 |      17 |       0 |   0.0
        D:6 |     577 |     629 |  52.2 |      20 |       1 |   4.8
        D:7 |    1303 |      82 |   5.9 |      32 |       2 |   5.9
        D:8 |    1136 |       0 |   0.0 |      21 |       0 |   0.0
        D:9 |    1658 |     594 |  26.4 |      31 |      16 |  34.0
            +---------+---------+-------+---------+---------+-------
